 Dungeon Sprint DCSS version 0.24-a0-420-g24607be9ce (webtiles) character file.

Game seed: 11415247910357300185

1887 wilfster70 the Cleaver (level 8, -3/120 HPs)
             Began as a Minotaur Fighter on June 11, 2019.
             Was an Initiate of Gozag.
             Slain by a centaur warrior (4 damage)
             ... in the Dungeon (Sprint IX: "|||||||||||||||||||||||||||||").
             The game lasted 00:02:20 (383 turns).

wilfster70 the Cleaver (Minotaur Fighter)            Turns: 383, Time: 00:02:20

Health: -3/120     AC:  8    Str: 28    XL:     8   Next: 92%
Magic:  7/7        EV: 12    Int: 10    God:    Gozag
Gold:   299        SH: 13    Dex: 11    Spells: 7/7 levels left

rFire    . . .     SeeInvis .   b - +2 scimitar (flame)
rCold    . . .     Gourm    .   c - +0 shield
rNeg     . . .     Faith    .   r - +1 chain mail
rPois    .         Spirit   .   (helmet restricted)
rElec    .         Reflect  .   (no cloak)
rCorr    .         Harm     .   (no gloves)
MR       .....     NoTele   +   (no boots)
Stlth    ..........             (no amulet)
HPRegen  0.30/turn              q - +3 ring of intelligence
MPRegen  0.10/turn              s - +3 ring of strength

@: berserking (expiring), corroded, gold aura, very quick
A: retaliatory headbutt, horns 2
a: Potion Petition, Call Merchant, Bribe Branch, Renounce Religion


You were in the Dungeon.
You worshipped Gozag.
Gozag was aware of your devotion.
You were not hungry.

You visited 1 branch You collected 414 gold pieces.
You paid 115 gold pieces to Gozag.

Inventory:

Hand Weapons
 a - a +3 war axe of freezing
 b - a +2 scimitar of flaming (weapon)
Armour
 c - a +0 shield (worn)
 r - a +1 chain mail (worn)
Jewellery
 q - a +3 ring of intelligence (left hand)
 s - a +3 ring of strength (right hand)
Wands
 p - a wand of acid (10)
Scrolls
 k - 2 scrolls of blinking
 n - 3 scrolls of remove curse
 o - 2 scrolls of amnesia
Potions
 d - a potion of might
 e - 5 potions of curing
 g - 3 potions of heal wounds
 h - a potion of haste
 i - 4 potions of magic
 m - a potion of invisibility
Comestibles
 f - a ration


   Skills:
 + Level 10.5 Fighting
 * Level 13.5 Axes
 + Level 10.4 Armour
 + Level 8.8 Dodging
 + Level 10.6 Shields


You had 7 spell levels left.
You didn't know any spells.
Your spell library was empty.

Dungeon Overview and Level Annotations

Branches:
Dungeon (1/1)

Altars:
Cheibriados
Dithmenos
Elyvilon
Fedhas
Gozag
Hepliaklqana
Kikubaaqudgha
Makhleb
Nemelex Xobeh
Okawaru
Qazlal
Ru
Sif Muna
Trog
Uskayaw
Vehumet
Wu Jian
Xom
Yredelemnul
Zin
The Shining One
Beogh
Jiyva
Lugonu


Innate Abilities, Weirdness & Mutations

You reflexively headbutt those who attack you in melee.
You have a pair of horns on your head.


Message History

You kill the three-headed hydra!
Your Fighting skill increases to level 10!
Your Axes skill increases to level 13!
Your Armour skill increases to level 10!
Your Dodging skill increases to level 8!
Your Shields skill increases to level 10!
The centaur warrior wields a +0 longbow.
The centaur warrior shoots an arrow.
The arrow hits you!
* * * LOW HITPOINT WARNING * * *
The bullfrog becomes distracted by the nearby gold, dreaming of imaginary riches.
The bullfrog croaks.
The centaur warrior unwields a +0 longbow.
The centaur warrior hits you but does no damage.
You see here 135 gold pieces.
You slash the centaur warrior! You burn the centaur warrior.
You headbutt the centaur warrior!
The centaur warrior is heavily wounded.
The centaur warrior hits you.
You die...
Your body crumbles into a pile of gold. $$$$$ $ $ $ $$$$$ $ ▓▓▓▓▓▓▓▓▓▓▓▓▓▓▓▓▓▓▓▓▓▓▓▓▓▓ .....DaFc@(.)'..[[[)|..'__ ▓▓▓▓▓▓▓▓▓▓▓▓▓▓▓▓▓▓▓▓▓▓▓▓▓▓

You could see a centaur warrior, a soldier ant, an acid dragon and a bullfrog.

Vanquished Creatures
  A hydra (D)
  A deep elf mage (D)
  2 hornets (D)
  A troll (D)
  A phantom (D)
  A centaur (D)
  A big kobold (D)
  A shadow imp (D)
  A dart slug (D)
  A leopard gecko (D)
  A bat zombie (D)
  A goblin (D)
  A quokka (D)
  A bat (D)
  A frilled lizard (D)
  2 rats (D)
18 creatures vanquished.

Notes
Turn   | Place    | Note
-------+----------+-------------------------------------------
     0 | D        | wilfster70 the Minotaur Fighter began the quest for the
                  | Orb.
     0 | D        | Reached XP level 1. HP: 19/19 MP: 0/0
     7 | D        | Reached skill level 3 in Axes
     8 | D        | Reached skill level 1 in Dodging
    32 | D        | Noticed a centaur
    35 | D        | Reached XP level 2. HP: 27/27 MP: 1/1
    44 | D        | Reached skill level 4 in Axes
    55 | D        | Killed a centaur
    55 | D        | Reached skill level 5 in Fighting
    55 | D        | Reached skill level 6 in Axes
    55 | D        | Reached skill level 5 in Armour
    55 | D        | Reached skill level 5 in Shields
    55 | D        | Reached XP level 3. HP: 22/36 MP: 2/2
    55 | D        | Reached XP level 4. HP: 26/42 MP: 3/3
   166 | D        | Found a roughly hewn altar of Beogh.
   166 | D        | Found a snail-covered altar of Cheibriados.
   166 | D        | Found a shadowy altar of Dithmenos.
   166 | D        | Found a white marble altar of Elyvilon.
   166 | D        | Found a blossoming altar of Fedhas.
   166 | D        | Found an opulent altar of Gozag.
   167 | D        | Found a hazy altar of Hepliaklqana.
   168 | D        | Found a viscous altar of Jiyva.
   169 | D        | Found an ancient bone altar of Kikubaaqudgha.
   170 | D        | Found a corrupted altar of Lugonu.
   171 | D        | Found a burning altar of Makhleb.
   172 | D        | Found a sparkling altar of Nemelex Xobeh.
   173 | D        | Found an iron altar of Okawaru.
   174 | D        | Became a worshipper of Gozag Ym Sagoz the Greedy
   175 | D        | Found a stormy altar of Qazlal.
   176 | D        | Found a sacrificial altar of Ru.
   177 | D        | Found a deep blue altar of Sif Muna.
   178 | D        | Found a bloodstained altar of Trog.
   179 | D        | Found a hide-covered altar of Uskayaw.
   180 | D        | Found a radiant altar of Vehumet.
   181 | D        | Found an ornate altar of the Wu Jian Council.
   182 | D        | Found a shimmering altar of Xom.
   183 | D        | Found a basalt altar of Yredelemnul.
   184 | D        | Found a glowing silver altar of Zin.
   185 | D        | Found a glowing golden altar of the Shining One.
   228 | D        | Noticed a hornet
   228 | D        | Noticed a troll
   228 | D        | Noticed a big kobold
   228 | D        | Noticed a hornet
   228 | D        | Noticed a phantom
   237 | D        | Killed a hornet
   237 | D        | Reached skill level 9 in Axes
   237 | D        | Reached skill level 5 in Dodging
   237 | D        | Reached XP level 5. HP: 38/52 MP: 4/4
   237 | D        | Reached XP level 6. HP: 44/60 MP: 5/5
   254 | D        | Killed a troll
   254 | D        | Reached skill level 10 in Axes
   254 | D        | Reached XP level 7. HP: 69/69 MP: 6/6
   257 | D        | Killed a hornet
   257 | D        | Reached skill level 11 in Axes
   364 | D        | Noticed a centaur warrior
   364 | D        | Noticed a six-headed hydra
   364 | D        | Noticed a deep elf mage
   367 | D        | Noticed a rust devil
   370 | D        | Killed a deep elf mage
   370 | D        | Reached skill level 12 in Axes
   370 | D        | Reached XP level 8. HP: 73/79 MP: 7/7
   375 | D        | HP: 1/79 [four-headed hydra (14)]
   381 | D        | Killed a three-headed hydra
   381 | D        | Reached skill level 10 in Fighting
   381 | D        | Reached skill level 13 in Axes
   381 | D        | Reached skill level 10 in Armour
   381 | D        | Reached skill level 10 in Shields
   381 | D        | HP: 1/120 [centaur warrior/arrow (13)]
   383 | D        | Slain by a centaur warrior

Levels and vault maps discovered:
D:        linesprint [early_d, line_temple, items_1, d_10, items_2, lair_1,
          lair_end, items_3, orc_1, orc_end, items_4, d_15, swamp_1, shoals_1,
          snake_1, spider_1, d_20, vaults_1, items_5, swamp_end, shoals_end,
          snake_end, spider_end, vaults_end, d_27, items_6, zot_1, zot_end,
          crypt_end, forest_end, elf_end, slime_end, tomb_end, abyss_end,
          pan_hell_end]

Skill      XL: |  1  2  3  4  5  6  7  8 |
---------------+-------------------------+-----
Axes           | 3 6 9 10 12 13 | 13.5
Dodging        | 1 3 5 6 7 8 |  8.8
Fighting       | 4 5 7 8 9 10 | 10.5
Armour         | 4 5 7 8 9 10 | 10.4
Shields        | 4 5 7 8 9 10 | 10.6

Action                   |  1- 3 |  4- 6 |  7- 9 || total
-------------------------+-------+-------+-------++-------
Melee: War axe           |    28 |    24 |    14 ||    66
       Headbutt          |     6 |     2 |     6 ||    14
       Scimitar          |       |       |     6 ||     6
Invok: Potion Petition   |       |     1 |     1 ||     2
  Use: Potion            |       |       |     1 ||     1
Armor: Scale mail        |    16 |       |       ||    16
       Chain mail        |       |    16 |     7 ||    23
Dodge: Dodged            |     9 |    14 |     9 ||    32
Block: Shield            |     9 |    22 |     6 ||    37

Table legend:
 A = Non-vault XP
 B = Vault XP
 C = Vault XP percentage of total XP
 D = Non-vault monster count
 E = Vault monster count
 F = Vault count percentage of total count
                 A         B        C        D         E       F
            +---------+---------+-------+---------+---------+-------
      Total |       0 |    2696 | 100.0 |       0 |      18 | 100.0
            +---------+---------+-------+---------+---------+-------
          D |       0 |    2696 | 100.0 |       0 |      18 | 100.0
            +---------+---------+-------+---------+---------+-------
